 Dungeon Crawl Stone Soup version 0.19-a0-682-g708bd0e (webtiles) character file.

64 AlphabetPasta the Insei (level 4, -2/39 HPs)
             Began as a Naga Transmuter on June 17, 2016.
             Slain by a centaur (4 damage)
             ... on level 3 of the Dungeon.
             The game lasted 00:12:07 (2496 turns).

AlphabetPasta the Insei (Naga Transmuter)           Turns: 2496, Time: 00:12:08

Health: -2/39      AC:  2    Str: 12    XL:     4   Next: 12%
Magic:  2/7        EV:  9    Int: 14    God:
Gold:   100        SH:  3    Dex: 12    Spells: 3 memorised, 1 level left

rFire  . . .     SeeInvis +     a - 76 arrows
rCold  . . .     Gourm    .     b - +0 robe
rNeg   . . .     Faith    .     o - +0 buckler
rPois  +         Spirit   .     (no helmet)
rElec  .         Dismiss  .     (no cloak)
rCorr  .         Reflect  .     (no gloves)
SustAt .         Harm     .     (no barding)
MR     .....                    (no amulet)
Stlth  +.........               (no ring)
                                (no ring)

@: very slightly contaminated, very slow, not resistant to hostile enchantments,
very unstealthy
A: see invisible, deformed body, poison resistance, slowness 2, slow metabolism
1, spit poison 2, AC +1
a: Spit Poison


You were on level 3 of the Dungeon.
You were not hungry.

You visited 1 branch of the dungeon, and saw 3 of its levels.

You collected 100 gold pieces.

Inventory:

Missiles
 a - 76 arrows (in hand)
Armour
 b - a +0 robe (worn)
 o - a +0 buckler (worn)
Scrolls
 j - a scroll of noise {unknown}
 k - 2 scrolls of identify {unknown}
 m - a scroll of recharging {unknown}
 q - a scroll of magic mapping {unknown}
Potions
 e - a potion of beneficial mutation {unknown}
 g - a potion of lignification {unknown}
 h - a potion of brilliance {unknown}
 i - a potion of degeneration {unknown}
 n - a potion of might {unknown}
Books
 c - a book of Changes

   Spells                             Type                      Level
   a - Beastly Appendage              Transmutation                1
   b - Sticks to Snakes               Transmutation                2
   c - Spider Form                    Transmutation/Poison         3
   d - Ice Form                       Ice/Transmutation            4
   e - Blade Hands                    Transmutation                5
Comestibles
 d - 2 bread rations
 p - a slice of pizza


   Skills:
 + Level 1.7 Fighting
 + Level 2.0 Dodging
 + Level 0.0 Shields
 * Level 3.6 Unarmed Combat
 + Level 2.3 Spellcasting
 + Level 2.4 Transmutations
 + Level 0.6 Poison Magic


You had one spell level left.
You knew the following spells:

 Your Spells              Type           Power        Failure   Level  Hunger
a - Beastly Appendage     Tmut           #.....       14%         1    #......
b - Sticks to Snakes      Tmut           #.......     21%         2    ###....
c - Spider Form           Tmut/Pois      #.........   67%         3    ###....


Dungeon Overview and Level Annotations

Branches:
Dungeon (3/15)

Altars:
Makhleb
Qazlal
Yredelemnul


Innate Abilities, Weirdness & Mutations

You cannot wear boots.
Your serpentine skin is tough. (AC +1)
You have supernaturally acute eyesight. (SInv)
Armour fits poorly on your strangely shaped body.
Your system is resistant to poisons. (rPois)
You cover ground very slowly.
You have a slow metabolism.
You can spit poison.


Message History

It was a potion of curing.
You feel better.
The centaur shoots an arrow.
The arrow hits you!
* * * LOW HITPOINT WARNING * * *
You feel better.
The centaur shoots an arrow.
The arrow closely misses you.
Press: ? - help, Shift-Dir - straight line, f/p - centaur
Aim: a centaur, wielding a shortbow (lightly wounded)
The splash of poison hits the centaur.
The centaur appears unharmed.
The centaur is lightly wounded.
You feel slightly more hungry.
The centaur shoots an arrow.
The arrow hits you.
* * * LOW HITPOINT WARNING * * *
The centaur shoots an arrow.
The arrow closely misses you.
The centaur shoots an arrow.
The arrow hits you!
* * * LOW HITPOINT WARNING * * *
A rat comes into view.
You have got your breath back.
The centaur shoots an arrow.
The arrow barely misses you.
You see here an arrow.
The centaur unwields an uncursed shortbow.
The centaur barely misses you. The centaur hits you.
You die...

.........#...)######
........(##........#
............#.####.#
.........####.# .
.........##...# ..
.........##.### ...
.........##.########
...
.........##.#....cr# ..
................@#(##.#
.##...#.#####.##(#.(c.#
...##.#.# #.##.###r.#
.#.##.#######.##.. ..#
# #..........###.# ..#
#..######### .. ..# #
#.)# #...# .....#
#.#..#####.#.# #..#.#
#.#........#.# #.#..


You could see a centaur and a rat.

Vanquished Creatures
  2 adders
  A worm (D:2)
  A dart slug (D:1)
  An orc (D:3)
  4 bats
  A giant cockroach (D:2)
  6 goblins
  7 hobgoblins
  4 jackals (D:2)
  A quokka (D:2)
  A giant newt (D:1)
  2 gnoll zombies (D:2)
  3 kobolds
  4 rats
38 creatures vanquished.

Vanquished Creatures (collateral kills)
  An adder (D:2)
  A rat (D:3)
2 creatures vanquished.

Vanquished Creatures (others)
  A bat (D:3)
1 creature vanquished.

Grand Total: 41 creatures vanquished

Notes
Turn   | Place    | Note
--------------------------------------------------------------
     0 | D:1      | AlphabetPasta the Naga Transmuter began the quest for the Orb.
     0 | D:1      | Reached XP level 1. HP: 18/18 MP: 3/3
     1 | D:1      | Noticed an electric eel
   318 | D:1      | Reached XP level 2. HP: 23/25 MP: 5/5
   322 | D:1      | Learned a level 2 spell: Sticks to Snakes
  1039 | D:2      | Found a basalt altar of Yredelemnul.
  1175 | D:2      | Reached XP level 3. HP: 21/31 MP: 6/6
  1365 | D:2      | Learned a level 3 spell: Spider Form
  1731 | D:2      | Found a burning altar of Makhleb.
  1813 | D:2      | Found a stormy altar of Qazlal.
  2329 | D:3      | Reached XP level 4. HP: 37/39 MP: 1/7
  2480 | D:3      | Noticed a centaur
  2496 | D:3      | Slain by a centaur

Vault maps used:
D:1:      arrival_aquarium_a
D:2:      bloody_makhleb, lemuel_zombie_altar_yredelemnul,
          grunt_qazlal_sundering
D:3:      elyvilon_altar_4, serial_forest, infiniplex_forest_lined_2,
          infiniplex_forest_clump_double, infiniplex_forest_lined_1,
          infiniplex_forest_clump_small

Skill      XL: |  1  2  3  4 |
---------------+-------------+-----
Dodging        | 2 |  2.0
Fighting       | |  1.7
Unarmed Combat | |  3.6
Spellcasting   | |  2.3
Transmutations | |  2.4
Poison Magic   | |  0.6

Action                   |  1- 3 |  4- 6 || total
-------------------------+-------+-------++-------
Melee: Unarmed           |    98 |     8 ||   106
       Headbutt          |     8 |     1 ||     9
       Punch             |     1 |       ||     1
 Cast: Beastly Appendage |    16 |     3 ||    19
       Sticks to Snakes  |     4 |     1 ||     5
 Abil: Spit Poison       |    10 |     8 ||    18
  Use: Potion            |       |     2 ||     2
 Stab: Sleeping          |     1 |       ||     1
  Eat: Chunk             |     4 |     2 ||     6
Armor: Robe              |    16 |     2 ||    18
Dodge: Dodged            |    47 |    19 ||    66
